 Dungeon Crawl Stone Soup version 0.32-a0-433-g08bcfe7efd (webtiles) character file.

Game seed: 3505153645978443496

1398 Dittersdorf the Shield-Bearer (level 8, -3/52 HPs)
             Began as a Gargoyle Fighter on Feb 22, 2024.
             Was an Initiate of Gozag.
             Killed from afar by dogverified's ghost (13 damage)
             ... with a blast of sand
             ... on level 5 of the Dungeon.
             The game lasted 00:05:29 (4945 turns).

Dittersdorf the Shield-Bearer (Gargoyle Fighter)    Turns: 4945, Time: 00:05:29

Health: -3/52      AC: 22    Str: 21    XL:     8   Next: 69%
Magic:  8/8        EV: 14    Int: 10    God:    Gozag
Gold:   199        SH:  5    Dex:  9    Spells: 7/7 levels left

rFire   . . .        a - +0 flail
rCold   . . .        c - +0 buckler
rNeg    + . .        v - +4 scale mail
rPois   ∞            l - +0 helmet
rElec   +            j - +0 cloak
rCorr   .            s - +0 pair of gloves
SInv    .            p - +0 pair of boots
Will    .....        t - amulet of the acrobat Stlth
                     g - +5 ring of evasion
HPRegen 0.28/turn    (no ring)
MPRegen 0.11/turn

%: acrobat
@: studying Shields
A: sickness immunity, AC +5, negative energy resistance 1, electricity
resistance, torment resistance 1, petrification resistance
a: Renounce Religion, Potion Petition, Call Merchant, Bribe Branch


You were on level 5 of the Dungeon.
You worshipped Gozag.
Gozag was aware of your devotion.
You visited 2 branches of the dungeon, and saw 6 of its levels.

You collected 397 gold pieces.
You spent 120 gold pieces at shops.
You paid 78 gold pieces to Gozag.

Inventory:

Hand Weapons
 a - a +0 flail (weapon)
Missiles
 u - 2 throwing nets (quivered)
Armour
 c - a +0 buckler (worn)
 j - a +0 cloak (worn)
 l - a +0 helmet (worn)
 p - a +0 pair of boots (worn)
 s - a +0 pair of gloves (worn)
 v - a +4 scale mail (worn)
Jewellery
 g - a +5 ring of evasion (left hand)
 t - an amulet of the acrobat (around neck)
Wands
 k - a wand of flame (17)
Scrolls
 m - 2 scrolls of fear
Potions
 b - 4 potions of heal wounds
 d - 2 potions of might
 e - a potion of curing
 f - a potion of cancellation
 h - a potion of invisibility {unknown}
 i - a potion of lignification {unknown}
 n - a potion of mutation {unknown}
 o - a potion of enlightenment
 r - a potion of magic {unknown}


   Skills:
 + Level 6.6 Fighting
 + Level 5.5 Maces & Flails
 + Level 6.5 Armour
 + Level 7.9 Shields


You had 7 spell levels left.
You didn't know any spells.
Your spell library contained the following spells:

 Spells                   Type           Power      Damage    Failure   Level
 Apportation              Tloc           0%         N/A       75%         1
 Freeze                   Ice            0%         1d3       75%         1
 Necrotise                Necr           0%         1d4       75%         1
 Sting                    Conj/Alch      0%         1d3       75%         1
 Summon Small Mammal      Summ           0%         N/A       75%         1
 Scorch                   Fire           0%         2d5       86%         2
 Frozen Ramparts          Ice            0%         1d1       98%         3
 Hailstorm                Conj/Ice       0%         3d5       98%         3
 Flame Wave               Conj/Fire      0%         2d4       100%        4
 Summon Cactus Giant      Summ           0%         N/A       100%        6


Dungeon Overview and Level Annotations

Branches:
Dungeon (5/15)             Temple (1/1) D:4

Altars:
Ashenzari
Dithmenos
Elyvilon
Fedhas
Gozag
Hepliaklqana
Kikubaaqudgha
Makhleb
Nemelex Xobeh
Okawaru
Qazlal
Ru
Sif Muna
Trog
Uskayaw
Vehumet
Wu Jian
Xom
Yredelemnul
Zin
The Shining One

Shops:
D:5 !

Annotations:
D:2 1 runed translucent door, Crazy Yiuf
D:5 dogverified's ghost, novice KoEE


Innate Abilities, Weirdness & Mutations

You are immune to sickness and miasma.
Your stone body is resilient. (AC +5)
You are immune to poison.
You resist negative energy. (rN+)
You are resistant to electric shocks. (rElec)
You are resistant to unholy torment.
You are immune to petrification.


Message History

Could not explore, unopened runed door.
No reachable target in view!
Could not explore, unopened runed door.
You open the door. Dogverified's ghost misses you.
There is an open translucent door here.
Dogverified's ghost gestures at you while chanting.
The blast of sand misses you.
You sock dogverified's ghost!
Dogverified's ghost is lightly damaged.
You closely miss dogverified's ghost.
Dogverified's ghost is lightly damaged.
Dogverified's ghost casts a spell at you.
The stone arrow hits you.
Dogverified's ghost mumbles some strange words.
Dogverified's ghost conjures some foxfire! 2 foxfires come into view.
You closely miss dogverified's ghost.
Dogverified's ghost is lightly damaged.
The foxfire hits you! x2
Dogverified's ghost points at you and mumbles some strange words.
The stone arrow hits you!!
* * * LOW HITPOINT WARNING * * *
You hit dogverified's ghost but do no damage.
Dogverified's ghost is lightly damaged.
Dogverified's ghost hits you but does no damage.
You sock dogverified's ghost!
Dogverified's ghost is heavily damaged.
Dogverified's ghost points at you and mumbles some strange words.
The stone arrow hits you.
* * * LOW HITPOINT WARNING * * *
You barely miss dogverified's ghost.
Dogverified's ghost is heavily damaged.
Dogverified's ghost hits you but does no damage.
You miss dogverified's ghost.
Dogverified's ghost is heavily damaged.
Dogverified's ghost points at you and mumbles some strange words.
The blast of sand hits you!
You die...
Your body crumbles into a pile of gold.

....# #.................. ....#
##..####.....####..# ...## #...#
##..### #..# ...##### #..## #..#
##..# .......#######..## #..##
#.... .................# #...#
##.... .................#
#...###..### .).#.........##'##
#...#...## # ..###....#####.W@#
#.......# .## ##....####.~.#
#......## .# ##....#.#.~.#
##.....## .#
##..<..#.~.####......# # .##
##....#.?.#.#......####### ..#
##.[..#####............... ..##
###........................#
...###.^.......................##
#..#............................#


You could see dogverified's ghost.

Vanquished Creatures
  Prince Ribbit (D:5)
  Sigmund (D:2)
  2 phantoms
  7 scorpions (D:4)
  A howler monkey (D:4)
  2 bombardier beetles
  2 hounds
  A gnoll bouda (D:5)
  An orc wizard (D:2)
  Robin (D:1)
  4 gnolls (D:5)
  11 adders
  5 dart slugs
  2 ribbon worms
  10 orcs
  5 endoplasms
  2 giant cockroaches
  16 goblins
  8 hobgoblins
  3 jackals (D:5)
  8 kobolds
  5 quokkas
  13 ball pythons
  13 bats
  5 frilled lizards
  7 rats
136 creatures vanquished.

Vanquished Creatures (others)
  2 foxfires (D:5)
2 creatures vanquished.

Grand Total: 138 creatures vanquished

Notes
Turn   | Place    | Note
-------+----------+-------------------------------------------
     0 | D:1      | Dittersdorf the Gargoyle Fighter began the quest for the
                  | Orb.
     0 | D:1      | Reached XP level 1. HP: 14/14 MP: 1/1
    56 | D:1      | Reached XP level 2. HP: 11/19 MP: 2/2
   395 | D:1      | Reached XP level 3. HP: 23/23 MP: 3/3
   728 | D:2      | Noticed Sigmund
   728 | D:2      | Noticed Robin
   935 | D:1      | Killed Robin
   936 | D:1      | Reached XP level 4. HP: 29/29 MP: 4/4
  1007 | D:2      | Killed Sigmund
  1008 | D:2      | Reached skill level 4 in Shields
  1008 | D:2      | Reached XP level 5. HP: 8/34 MP: 5/5
  1008 | D:2      | Reached XP level 6. HP: 10/39 MP: 6/6
  1368 | D:2      | Found a runed translucent door.
  1369 | D:2      | Noticed Crazy Yiuf
  2153 | D:3      | Reached skill level 5 in Fighting
  2299 | D:3      | Identified the +8 sling "Lyvilluz" {flame, Int+3}
  2563 | D:4      | Identified a scroll of acquirement
  2563 | D:4      | Acquired a manual of Shields
  2671 | D:4      | Reached skill level 5 in Armour
  2671 | D:4      | Reached skill level 5 in Shields
  2671 | D:4      | Reached XP level 7. HP: 39/44 MP: 7/7
  2836 | D:4      | Reached skill level 6 in Shields
  2865 | D:4      | Found the +11 Singing Sword {sonic wave}
  2972 | D:4      | Reached XP level 8. HP: 47/51 MP: 8/8
  3209 | D:4      | Found a staircase to the Ecumenical Temple.
  3242 | Temple   | Entered the Ecumenical Temple
  3273 | Temple   | Became a worshipper of Gozag Ym Sagoz the Greedy
  3418 | D:4      | Reached skill level 5 in Maces & Flails
  3418 | D:4      | Reached skill level 7 in Shields
  3565 | D:5      | Entered Level 5 of the Dungeon
  3572 | D:5      | Noticed Prince Ribbit
  3697 | D:5      | Killed Prince Ribbit
  4351 | D:5      | Found Semobuz's Distillery.
  4356 | D:5      | Bought 2 potions of heal wounds for 120 gold pieces
  4361 | D:5      | Found a shadowy altar of Dithmenos.
  4598 | D:5      | Found a runed translucent door.
  4600 | D:5      | Noticed dogverified's ghost (novice KoEE)
  4945 | D:5      | Killed from afar by dogverified's ghost

Illustrated notes

Levels and vault maps discovered:
D:1:      scummos_arrival_simple_crosswalls, layout_basic, serial_glass,
          glass_columns_b, glass_columns_b, minmay_strange_pillars,
          feat_on_display, due_unseen_surprise, serial_park_tiny_2
D:2:      layout_rooms, grunt_ministairs_1, kennysheep_generic_room_8,
          uniq_robin, uniq_crazy_yiuf_cottage, uniq_sigmund
D:3:      layout_basic, hangedman_feature_mirror, minmay_misc_feat_tiny
D:4:      old_forge, layout_basic, temple_green
D:5:      layout_layer_cave, grunt_dithmenos_shadows,
          ebering_ghost_reflecting_pool, serial_shops,
          nicolae_shop_hallway_plus, uniq_prince_ribbit1
Temple:   mainiacjoe_temple_big_plus

Skill      XL: |  1  2  3  4  5  6  7  8 |
---------------+-------------------------+-----
Fighting       | 4 5 6 |  6.6
Maces & Flails | 3 4 5 |  5.5
Armour         | 4 5 6 |  6.5
Shields        | 4 5 6 7 |  7.9

Action                     |  1- 3 |  4- 6 |  7- 9 || total
---------------------------+-------+-------+-------++-------
  Melee: Flail             |   113 |   219 |   241 ||   573
    Use: Scroll            |       |     8 |     1 ||     9
 Armour: Scale mail        |    97 |    87 |    17 ||   201
         Chain mail        |       |    53 |   131 ||   184
         Skin              |       |     1 |       ||     1
  Dodge: Dodged            |   115 |   147 |   184 ||   446
  Block: Buckler           |    44 |    40 |    78 ||   162

Table legend: (Time is in decaauts)
 A = Elapsed time spent in this place.
 B = Non-inter-level travel time spent in this place.
 C = Inter-level travel time spent in this place.
 D = Time resting spent in this place.
 E = Time spent auto-exploring this place.
 F = Levels seen in this place.
 G = Mean time per level.
                   A        B        C        D        E       F      G
               +--------+--------+--------+--------+--------+-----+--------+
         Total |   5100 |   4842 |    258 |    446 |   3080 |   6 |  850.0 |
       Dungeon |   5038 |   4839 |    199 |    446 |   3080 |   5 | 1007.6 |
        Temple |     61 |      2 |     59 |      0 |      0 |   1 |   61.0 |
               +--------+--------+--------+--------+--------+-----+--------+

Top non-repeatable levels by time:
     D:5: 1318 daAuts
     D:4: 1014 daAuts
     D:1: 976 daAuts
     D:3: 897 daAuts
     D:2: 832 daAuts
  Temple: 61 daAuts
